 Dungeon Crawl Stone Soup version 0.20.0-14-g326068f (webtiles) character file.

813697 grindst0ne the Invulnerable (level 27, -29/199 HPs)
             Began as a Gargoyle Berserker on June 8, 2017.
             Was the Champion of the Shining One.
             Annihilated by a stone giant (38 damage)
             ... created by the rage of Trog
             ... on level 2 of a ziggurat on June 9, 2017.
             The game lasted 04:44:35 (74929 turns).

grindst0ne the Invulnerable (Gargoyle Berserker)   Turns: 74929, Time: 04:44:36

Health: -29/199    AC: 56    Str: 28    XL:     27
Magic:  31/42      EV: 22    Int:  9    God:    the Shining One [******]
Gold:   5559       SH: 12    Dex: 25    Spells: 26/26 levels left

rFire    + + +     SeeInvis .   u - +10 battleaxe of Hard Scrabble {freeze, Dex+4}
rCold    + + +     Gourm    .   (shield currently unavailable)
rNeg     + + +     Faith    .   J - +6 gold dragon scales
rPois    ∞         Spirit   .   g - +0 helmet
rElec    +         Reflect  .   l - scarf {rC+ rF+}
rCorr    .         Harm     .   c - +2 pair of gloves {Dex+3}
MR       ++++.                  W - +2 pair of boots {run}
Stlth    ..........             F - amulet "Jumap" {rF+ rC+ Regen+ Str+4}
Regen    0.9/turn               e - ring "Oquwucam" {Fire MR+ Dex+2}
MPRegen  0.3/turn               b - ring of Iceosopp {Ice *Contam MR+ Slay+5}

@: divine shield, corroded, flying, hasted, glowing, very quick
A: big wings, blurry vision 2, clumsy 1, deterioration 1, fire resistance 2,
high mp 2, negative energy resistance 1, electricity resistance, unbreathing,
evolution 1, petrification resistance, no potion heal 2, rot immunity, subdued
magic 1, AC +20
}: 5/15 runes: decaying, slimy, silver, abyssal, gossamer
a: Stop Flying, Divine Shield, Cleansing Flame, Summon Divine Warrior, Renounce
Religion


You were on level 2 of a ziggurat.
You worshipped the Shining One.
The Shining One was exalted by your worship.
You were hungry.

You visited 12 branches of the dungeon, and saw 58 of its levels.
You visited the Abyss 4 times.
You visited 1 ziggurat, and saw 2 of its levels.
You also visited: Wizlab and Desolation.

You collected 7948 gold pieces.
You spent 2389 gold pieces at shops.

Inventory:

Hand Weapons
 u - the +10 battleaxe of Hard Scrabble (weapon) {freeze, Dex+4}
   (Trog gifted it to you on level 4 of the Vaults)

   It has been specially enchanted to freeze those struck by it, causing extra
   injury to most foes and up to half again as much damage against particularly
   susceptible opponents.
   It can also slow down cold-blooded creatures.
   It affects your dexterity (+4).
 P - a +9 executioner's axe of holy wrath
Armour
 c - a +2 pair of gloves of dexterity (worn)
 g - a +0 helmet (worn)
 l - a scarf of resistance (worn)
 J - +6 gold dragon scales (worn)
 W - a +2 pair of boots of running (worn)
Jewellery
 a - the ring "Yskog" {rElec EV+2 Str+2 SInv}
   (You found it on level 5 of the Pits of Slime)

   [ring of evasion]

   It affects your evasion (+2).
   It affects your strength (+2).
   It insulates you from electricity.
   It lets you see invisible.
 b - the ring of Iceosopp (right hand) {Ice *Contam MR+ Slay+5}
   (You found it on level 5 of the Pits of Slime)

   [ring of ice]

   It enhances your ice magic.
   It affects your accuracy and damage with ranged weapons and melee attacks
   (+5).
   It makes you vulnerable to fire.
   It protects you from cold.
   It affects your resistance to hostile enchantments.
   It causes magical contamination when unequipped.
 e - the ring "Oquwucam" (left hand) {Fire MR+ Dex+2}
   (You found it on level 3 of the Elven Halls)

   [ring of fire]

   It enhances your fire magic.
   It affects your dexterity (+2).
   It protects you from fire.
   It makes you vulnerable to cold.
   It affects your resistance to hostile enchantments.
 j - a +6 ring of evasion
 s - the ring "Foaffops" {+Blink rPois rF+ Stlth+}
   (You found it in the Desolation of Salt)

   [ring of protection from fire]

   It protects you from fire.
   It protects you from poison.
   It lets you blink.
   It makes you more stealthy.
 A - an uncursed ring of wizardry
 F - the amulet "Jumap" (around neck) {rF+ rC+ Regen+ Str+4}
   (You acquired it on level 3 of the Vaults)

   [amulet of regeneration]

   It affects your strength (+4).
   It protects you from fire.
   It protects you from cold.
   It increases your rate of regeneration.
Wands
 d - a wand of digging (23/24)
 z - a wand of iceblast (14/15)
 M - a wand of enslavement (8/24)
 R - a wand of disintegration (19/24)
Scrolls
 f - 21 scrolls of remove curse
 p - 4 scrolls of blinking
 v - a scroll of recharging
 C - 7 scrolls of fog
 E - 5 scrolls of holy word
 G - 4 scrolls of silence
 I - 10 scrolls of enchant weapon
 K - 14 scrolls of identify
 N - 4 scrolls of summoning
 S - 5 scrolls of magic mapping
 X - 13 scrolls of teleportation
 Y - 12 scrolls of fear
Potions
 h - 5 potions of resistance
 k - 5 potions of cancellation
 n - 5 potions of berserk rage
 r - 6 potions of haste
 t - 13 potions of curing
 x - 4 potions of ambrosia
 B - 3 potions of might
 D - 5 potions of lignification
 T - 8 potions of heal wounds
 V - 3 potions of invisibility
Miscellaneous
 w - 4 phantom mirrors
 y - a fan of gales
 Q - 3 boxes of beasts
 U - a lamp of fire
Comestibles
 i - 2 chunks of flesh
 m - 21 royal jellies
 o - 15 meat rations
 q - 14 bread rations
 O - 18 fruits


   Skills:
 O Level 27 Fighting
 - Level 25.5 Axes
 O Level 27 Armour
 - Level 19.4 Dodging
 + Level 16.5 Invocations
 - Level 12.5 Evocations


You had 26 spell levels left.
You didn't know any spells.

Dungeon Overview and Level Annotations

Branches:
Dungeon (15/15)            Temple (1/1) D:6            Lair (6/6) D:11
  Swamp (4/4) Lair:4       Spider (4/4) Lair:2        Slime (5/5) Lair:6
    Orc (2/2) D:10            Elf (3/3) Orc:2        Vaults (5/5) D:13
  Crypt (3/3) Vaults:2       Tomb (0/3) Crypt:3      Depths (5/5) D:15
    Zot (5/5) Depths:5

Altars:
Ashenzari
Cheibriados
Dithmenos
Elyvilon
Fedhas
Gozag
Hepliaklqana
Kikubaaqudgha
Makhleb
Nemelex Xobeh
Okawaru
Qazlal
Ru
Sif Muna
Trog
Uskayaw
Vehumet
Xom
Yredelemnul
Zin
The Shining One
Beogh
Jiyva

Shops:
D:4 *}   D:5 ?}   D:14 =   Orc:2 *%}*   Elf:1 :(?%[   Elf:2 *   Vaults:2 :
Vaults:4 ?   Vaults:5 [   Depths:1 *=}=   Depths:3 (   Depths:4 (

Portals:
Hell: Depths:1 Depths:2 Depths:3 Depths:4 Depths:5
Abyss: Depths:1 Depths:4
Pandemonium: Depths:3

Annotations:
Zot:3 exclusion: downstairs


Innate Abilities, Weirdness & Mutations

You are resistant to torment.
Your stone body is resilient. (AC +20)
You are immune to poison.
Your large and strong wings let you fly indefinitely.
You resist negative energy. (rN+)
You are resistant to electric shocks. (rElec)
You can survive without breathing.
You are immune to petrification.
You are immune to rotting.
Scrolls take you longer to read.
You are clumsy. (Dex -2)
Your body sometimes deteriorates upon taking damage.
Your flesh is very heat resistant. (rF++)
You have a considerably increased reservoir of magic. (+20% MP)
You evolve.
Potions are poor at restoring your health.
Your spells are a little easier to cast, but a little less powerful.


Message History

A divine shield forms around you!
You feel slightly more hungry. You block the stone giant's attack.
The stone giant hits you but does no damage.
You block the stone giant's attack. The stone giant hits you!!
* * * LOW HITPOINT WARNING * * *
The polar bear completely misses you. The polar bear misses you.
You block the polar bear's attack. The stone giant completely misses you.
The stone giant closely misses you.
You feel yourself speed up. The stone giant hits you!
* * * LOW HITPOINT WARNING * * *
The stone giant hits you!
* * * LOW HITPOINT WARNING * * *
You block the polar bear's attack. x3; The stone giant hits you!!
* * * LOW HITPOINT WARNING * * *
The stone giant barely misses you.
The stone giant hits you but does no damage.
The polar bear bites you but does no damage.
The polar bear barely misses you. The polar bear completely misses you.
The stone giant hits you!!!
You die...

▓▓▓ ▓▓▓.▓▓▓
▓▓.....▓▓
▓.......▓
▓▓.∩CC...▓▓
▓.(>@..∩..▓
▓▓.CCh...▓▓
▓.......▓
▓▓.....▓▓
▓▓▓.▓▓▓ ▓▓▓


You could see 4 stone giants and a polar bear (berserk).

Vanquished Creatures
  7 ancient liches
  Mara (Vaults:2)
  5 orbs of fire (Zot:5)
  A juggernaut (Depths:4)
  The ghost of Beholder179 the Acrobat, a master DgAr (Zot:3)
  Sojobo (Depths:5)
  Boris (Vaults:2)
  the Lernaean hydra (Swamp:3)
  8 Killer Klowns
  Frederick (Vaults:2)
  A caustic shrike (Depths:4)
  12 golden dragons
  Nikola (Elf:2)
  5 bone dragons
  A profane servitor (Abyss:1)
  6 liches
  Jorgrun (Spider:2)
  3 electric golems
  A Hell Sentinel (Abyss:1)
  A hellephant (Abyss:1)
  3 quicksilver dragons
  19 tentacled monstrosities
  3 deep elf blademasters
  4 titans
  24 Orb Guardians (Zot:5)
  3 deep elf master archers
  An acid blob (shapeshifter) (Vaults:3)
  21 acid blobs
  4 sphinxes
  14 tentacled starspawn
  3 Executioners
  4 ancient champions
  8 death cobs
  19 storm dragons
  Roxanne (D:15)
  13 tengu reavers
  2 revenants
  11 shadow dragons
  Donald (Swamp:1)
  8 ghost moths
  2 draconian monks
  15 vault wardens
  13 frost giants
  An orc warlord (Orc:2)
  13 azure jellies
  An iron dragon (Vaults:4)
  4 draconian knights
  Louise (D:15)
  2 daevas
  16 fire giants
  7 deep elf sorcerers
  4 draconian scorchers
  A cacodemon (Abyss:1)
  Aizul (Swamp:3)
  9 draconian shifters
  6 emperor scorpions
  3 imperial myrmidons (Desolation)
  A balrug (Abyss:1)
  3 spriggan defenders
  8 draconian stormcallers
  15 ironheart preservers
  3 ghouls
  6 deep elf elementalists
  A juggernaut skeleton (Crypt:3)
  A caustic shrike skeleton (Depths:3)
  8 entropy weavers
  10 draconian annihilators
  20 vampire knights
  20 very ugly things
  3 war gargoyles
  17 green draconians
  22 stone giants
  7 black draconians
  2 lorocyprocas
  A halazid warlock (Desolation)
  14 deep elf annihilators
  The ghost of Monsterracer the Basher, a journeyman GrFi of the Shining One (Depths:1)
  19 red draconians
  6 deep elf demonologists
  Azrael (Elf:2)
  6 white draconians
  2 eidola
  6 spark wasps
  9 purple draconians
  11 yellow draconians
  8 crystal guardians
  19 deep elf death magi
  22 yaktaur captains
  5 death oozes (Slime:5)
  13 ettins
  2 blizzard demons
  A quicksilver dragon zombie (Crypt:3)
  19 great orbs of eyes
  41 small abominations
  10 ragged hierophants (Desolation)
  7 deep elf high priests
  9 fire dragons
  15 jiangshi
  Fannar (Lair:1)
  12 servants of whispers (Desolation)
  17 ice dragons
  4 great orbs of eyes (shapeshifter)
  5 rakshasas
  A hydra (shapeshifter) (Depths:2)
  An ice dragon (shapeshifter) (Abyss:3)
  A ghost crab (Swamp:4)
  34 vault guards
  20 hydras
  3 spriggan air magi
  6 peacekeepers (Desolation)
  3 juggernaut simulacra (Depths:2)
  A catoblepas (shapeshifter) (Depths:2)
  An anaconda (shapeshifter) (Depths:2)
  12 centaur warriors
  2 catoblepae
  4 death knights
  An alligator snapping turtle (shapeshifter) (Depths:2)
  33 dancing weapons
  15 ogre magi
  8 alligators
  16 deep troll shamans
  6 hell hogs
  A two-headed ogre (shapeshifter) (Vaults:4)
  7 death yaks (Lair:6)
  45 two-headed ogres
  5 tengu warriors
  10 vampire magi
  Urug (Lair:1)
  16 thrashing horrors
  7 deep troll earth magi
  A titan zombie (Crypt:3)
  3 soul eaters
  3 spriggan berserkers
  19 deep elf knights
  A storm dragon zombie (Abyss:1)
  14 wretched stars
  46 skeletal warriors
  13 hell knights
  A fire crab (shapeshifter) (Elf:2)
  2 sixfirhies
  A storm dragon skeleton (Abyss:2)
  9 iron trolls
  12 unseen horrors
  An unseen horror (shapeshifter) (Vaults:4)
  4 spatial maelstroms
  A salamander mystic (Depths:5)
  7 shadow wraiths
  A death drake (Zot:2)
  A spark wasp zombie (Crypt:3)
  5 glowing orange brains
  A shadow demon (Abyss:1)
  15 swamp dragons
  38 deep trolls
  60 starcursed masses
  2 spriggan druids (Swamp:3)
  5 flayed ghosts
  A harpy (shapeshifter) (Vaults:1)
  An orange crystal statue (Elf:2)
  10 wizards
  Pikel (D:7)
  A shambling mangrove (Swamp:3)
  2 lindwurms (Lair:6)
  A shadow dragon zombie (Crypt:3)
  5 necromancers
  13 orc knights
  15 deep elf archers
  28 ironbrand convokers
  24 phantasmal warriors
  10 harpies
  26 wolf spiders
  15 orb spiders
  2 orb spiders (shapeshifter)
  75 deep elf magi
  3 orc sorcerers
  2 wolf spider zombies
  A stone giant zombie (Crypt:3)
  5 manticores
  A shining eye (shapeshifter) (Depths:2)
  14 cyclopes
  A fire giant zombie (Crypt:3)
  4 salamanders
  A faun (shapeshifter) (Depths:5)
  A frost giant zombie (Abyss:2)
  A cyclops (shapeshifter) (Vaults:3)
  10 shining eyes
  38 ugly things
  A frost giant skeleton (Vaults:4)
  A tengu skeleton (Depths:3)
  2 black mambas (shapeshifter) (Vaults:2)
  2 worldbinders (Abyss:2)
  A guardian serpent (shapeshifter) (Abyss:3)
  A mana viper (shapeshifter) (Abyss:3)
  23 moths of wrath
  34 elephants
  38 large abominations
  5 centaur zombies
  An elephant (shapeshifter) (Vaults:5)
  A fire giant skeleton (Depths:3)
  3 black mambas
  4 guardian serpents (Desolation)
  The ghost of minicreteconcrete the Magician, a novice DEFE of Vehumet (D:5)
  A rust devil (Abyss:2)
  2 torpor snails (Lair:6)
  A spriggan zombie (Depths:3)
  An apocalypse crab (Abyss:5)
  10 smoke demons
  3 naga magi
  2 molten gargoyles (Desolation)
  3 gargoyles
  10 vault sentinels
  20 spiny frogs
  A dire elephant zombie (Crypt:3)
  An ice statue (Lair:6)
  An eye of devastation (shapeshifter) (Vaults:5)
  4 orange demons (Abyss:1)
  5 eyes of devastation
  73 yaktaurs
  2 rime drakes
  A sea snake zombie (Crypt:3)
  2 ice devils
  A kobold demonologist (D:15)
  5 efreet
  A tormentor (Abyss:1)
  6 komodo dragons
  15 ancient zymes
  10 demonic crawlers
  A redback zombie (D:15)
  19 freezing wraiths
  2 hellwings
  A harpy zombie (Abyss:1)
  4 red devils (Abyss:1)
  13 trolls
  A minotaur zombie (Crypt:3)
  3 meliai (D:12)
  A hornet (shapeshifter) (Depths:4)
  A troll (shapeshifter) (Depths:3)
  27 jumping spiders
  2 polar bears (shapeshifter)
  4 tengu conjurers
  5 polar bears
  A queen bee (D:8)
  A tyrant leech (Swamp:4)
  A sphinx simulacrum (Vaults:3)
  70 saltlings (Desolation)
  23 hornets
  130 slime creatures
  9 bog bodies
  2 queen bees (shapeshifter)
  43 raiju
  15 hippogriffs
  A death drake skeleton (Crypt:2)
  2 jumping spiders (shapeshifter)
  A slime creature (shapeshifter) (Vaults:3)
  19 blink frogs
  A raiju (shapeshifter) (Elf:3)
  An ice dragon zombie (Abyss:2)
  2 ettin zombies
  2 dream sheep (Lair:6)
  A centaur simulacrum (D:15)
  2 stone giant simulacra
  5 flying skulls
  8 air elementals
  A fire giant simulacrum (Vaults:1)
  6 shadows
  105 redbacks
  8 water elementals
  5 vampires
  A black mamba zombie (Crypt:3)
  20 wraiths
  An alligator skeleton (Crypt:3)
  2 ice dragon skeletons
  5 spriggans
  A black mamba skeleton (Abyss:5)
  17 ynoxinuls
  39 yaks
  24 tarantellas
  A hog (shapeshifter) (Vaults:4)
  2 hungry ghosts
  3 wyverns (Lair:6)
  Eustachio (D:6)
  A basilisk (Abyss:1)
  A golden eye (shapeshifter) (Abyss:1)
  6 fire elementals
  A dire elephant simulacrum (Abyss:1)
  12 golden eyes
  5 chaos spawn
  14 neqoxecs
  26 vampire mosquitoes
  7 wargs
  A human simulacrum (Vaults:2)
  A soldier ant (D:13)
  13 insubstantial wisps
  The ghost of MirrMurr the Cudgeler, an amateur GrMo of Trog (D:4)
  7 spatial vortices
  16 swamp worms
  3 two-headed ogre zombies (WizLab)
  2 acid dragons (Vaults:2)
  17 water moccasins
  13 hell hounds
  A deep troll skeleton (Crypt:2)
  11 porcupines
  A spiny frog skeleton (Crypt:3)
  13 swamp drakes
  5 black bears
  50 orc warriors
  7 sky beasts
  A hornet zombie (D:6)
  A phantom (D:5)
  A dream sheep zombie (Crypt:2)
  59 ogres
  7 ice beasts
  A black mamba simulacrum (Abyss:1)
  11 eyes of draining
  A necrophage (Crypt:1)
  6 boggarts (Depths:1)
  A dream sheep skeleton (Crypt:2)
  10 wolves
  A manticore skeleton (Abyss:2)
  An elephant skeleton (Crypt:2)
  13 crocodiles
  23 centaurs
  A hog skeleton (Crypt:3)
  2 human zombies (Vaults:4)
  2 elf zombies
  2 big kobolds
  19 bullfrogs
  An elf skeleton (Crypt:1)
  6 earth elementals
  5 scorpions
  A glowing shapeshifter simulacrum (Depths:3)
  A yak zombie (Crypt:3)
  24 killer bees
  8 troll zombies (WizLab)
  20 wights
  5 howler monkeys
  3 electric eels
  10 crimson imps
  A wolf zombie (Crypt:2)
  A wyvern simulacrum (D:15)
  2 demonspawn zombies (Crypt:1)
  5 hounds
  8 quasits
  2 soldier ant zombies
  5 jellies
  7 centaur skeletons
  16 orc priests
  9 iron imps
  26 orc wizards
  Crazy Yiuf (D:3)
  2 iguanas
  A porcupine zombie (Crypt:1)
  10 worker ants
  An acid dragon zombie (Crypt:2)
  A naga zombie (Crypt:2)
  2 ogre zombies (WizLab)
  3 hound skeletons
  13 adders
  4 shadow imps
  6 white imps
  7 ufetubi
  4 oozes
  2 adder zombies
  An adder skeleton (D:9)
  3 worms
  3 dart slugs
  6 leopard geckos
  102 orcs
  6 bats
  4 giant cockroaches
  6 goblins
  4 hobgoblins
  2 jackals (D:8)
  15 kobolds
  4 quokkas
  A ball python (D:4)
  8 frilled lizards
  A frilled lizard skeleton (Crypt:2)
  A goblin skeleton (Crypt:3)
  An orc skeleton (Crypt:1)
  7 rats
  A crawling corpse (Elf:3)
  7 fungi
  3 lurking horrors
  2 plants
  10 starspawn tentacles
3379 creatures vanquished.

Vanquished Creatures (collateral kills)
  the Royal Jelly (Slime:5)
  An orb of fire (Zot:5)
  An ancient lich (Vaults:5)
  2 Killer Klowns (Zot:5)
  An Orb Guardian (Zot:5)
  An acid blob (Slime:5)
  A deep elf sorcerer (Elf:3)
  A deep elf demonologist (Elf:3)
  2 red draconians (Zot:5)
  A crystal guardian (Abyss:3)
  2 slime creatures (Slime:5)
  A thrashing horror (Abyss:3)
  2 deep elf magi
  A vault sentinel (Vaults:5)
  A yaktaur (Vaults:5)
  A ynoxinul (Abyss:3)
20 creatures vanquished.

Vanquished Creatures (others)
  A sphinx (Vaults:5)
  A ghost moth (Spider:4)
  A deep elf demonologist (Vaults:5)
  A dancing weapon (D:13)
  An ogre mage (Vaults:4)
  A death drake (shapeshifter) (Vaults:5)
  A phantasmal warrior (Vaults:5)
  An ironbrand convoker (Vaults:5)
  A wolf spider (Spider:1)
  4 deep elf magi
  A freezing wraith (Vaults:5)
  A yaktaur (Vaults:2)
  A jumping spider (Spider:2)
  A spriggan (Swamp:4)
  A neqoxec (Abyss:3)
  A slave (D:7)
  A boggart (Depths:1)
  An earth elemental (Elf:1)
  A small abomination (Abyss:5)
  2 orcs (D:7)
  A giant cockroach (D:7)
  2 kobolds (D:7)
  2 quokka zombies (D:7)
  2 bushes
  7 fungi
  22 plants
  19 starspawn tentacles
79 creatures vanquished.

Grand Total: 3478 creatures vanquished

Notes
Turn   | Place    | Note
-------+----------+-------------------------------------------
     0 | D:1      | grindst0ne the Gargoyle Berserker began the quest for the Orb.
     0 | D:1      | Reached XP level 1. HP: 14/14 MP: 1/1
   230 | D:1      | Reached XP level 2. HP: 13/19 MP: 2/2
   415 | D:1      | Reached XP level 3. HP: 19/24 MP: 3/3
   455 | D:1      | HP: 1/24 [worm (9)]
  1076 | D:2      | Reached ** piety under Trog
  1120 | D:2      | Reached XP level 4. HP: 21/30 MP: 4/4
  1488 | D:2      | Found a stormy altar of Qazlal.
  2042 | D:3      | Found a runed door.
  2129 | D:3      | Found a burning altar of Makhleb.
  2205 | D:3      | Noticed Crazy Yiuf
  2209 | D:3      | Killed Crazy Yiuf
  2209 | D:3      | Reached skill level 5 in Fighting
  2209 | D:3      | Reached XP level 5. HP: 35/35 MP: 5/5
  2270 | D:4      | Noticed MirrMurr's ghost (amateur GrMo)
  2291 | D:4      | Killed MirrMurr's ghost
  2291 | D:4      | Reached XP level 6. HP: 41/41 MP: 6/6
  2360 | D:4      | Reached skill level 5 in Axes
  2478 | D:4      | Found a deep blue altar of Sif Muna.
  2478 | D:4      | Found a bloodstained altar of Trog.
  2639 | D:4      | Found a basalt altar of Yredelemnul.
  2709 | D:4      | Reached XP level 7. HP: 47/47 MP: 7/7
  2716 | D:4      | Found Daobagh's Assorted Antiques.
  2725 | D:4      | Bought a scroll of identify for 36 gold pieces
  2883 | D:4      | Found Yrasad's Gadget Emporium.
  3011 | D:5      | Entered Level 5 of the Dungeon
  3011 | D:5      | Noticed minicreteconcrete's ghost (novice DEFE)
  3027 | D:5      | Killed minicreteconcrete's ghost
  3027 | D:5      | Reached XP level 8. HP: 54/54 MP: 8/8
  3138 | D:5      | Found Odoqieb's Magic Scroll Emporium.
  3248 | D:5      | Reached *** piety under Trog
  3627 | D:5      | Found Hawaq's Gadget Shop.
  3871 | D:6      | Found a staircase to the Ecumenical Temple.
  4212 | D:6      | Noticed Eustachio
  4222 | D:6      | Killed Eustachio
  4222 | D:6      | Reached XP level 9. HP: 60/60 MP: 9/9
  4462 | D:7      | Noticed Pikel
  4473 | D:7      | Killed Pikel
  4473 | D:7      | Reached skill level 10 in Fighting
  4940 | D:7      | Reached skill level 1 in Evocations
  4954 | D:8      | Noticed a queen bee
  4962 | D:8      | Killed a queen bee
  4971 | D:8      | Reached XP level 10. HP: 68/68 MP: 9/11
  5039 | D:8      | Reached **** piety under Trog
  5540 | D:8      | Reached skill level 5 in Armour
  6227 | D:9      | Reached skill level 10 in Axes
  6480 | D:10     | Entered Level 10 of the Dungeon
  6590 | D:10     | Reached ***** piety under Trog
  6786 | D:10     | Killed an unseen horror
  6786 | D:10     | Reached skill level 5 in Evocations
  6786 | D:10     | Reached XP level 11. HP: 68/73 MP: 14/14
  6844 | D:10     | Found a staircase to the Orcish Mines.
  7426 | D:11     | Killed an unseen horror
  7780 | D:11     | Noticed a six-headed hydra
  7784 | D:11     | Killed a six-headed hydra
  8059 | D:11     | Received a gift from Trog
  8147 | D:11     | Found a staircase to the Lair.
  8273 | D:11     | Reached skill level 10 in Armour
  8324 | D:11     | Reached XP level 12. HP: 73/78 MP: 15/15
  8661 | Lair:1   | Entered Level 1 of the Lair of Beasts
  8902 | Lair:1   | Noticed a five-headed hydra
  8949 | Lair:1   | Killed a five-headed hydra
  9396 | Lair:1   | Noticed an eight-headed hydra
  9442 | Lair:1   | Got a translucent dagger
  9443 | Lair:1   | Identified the +0 dagger of Spite {drain, -Tele rC+++ SInv Stlth+} (You found it on level 1 of the Lair of Beasts)
  9548 | Lair:1   | Killed an eight-headed hydra
 10062 | Lair:2   | Noticed Urug
 10088 | Lair:2   | Noticed Fannar
 10267 | Lair:1   | Killed Urug
 10323 | Lair:1   | Killed Fannar
 10633 | Lair:2   | Received a gift from Trog
 10968 | Lair:2   | Found a hole to the Spider Nest.
 11237 | Lair:3   | Reached XP level 13. HP: 83/83 MP: 16/16
 12818 | Lair:4   | Found a staircase to the Swamp.
 13341 | Lair:5   | Received a gift from Trog
 13850 | Lair:6   | Entered Level 6 of the Lair of Beasts
 13942 | Lair:6   | Received a gift from Trog
 13957 | Lair:6   | Gained mutation: Your large and strong wings let you fly indefinitely. [Gargoyle growth]
 13957 | Lair:6   | Reached XP level 14. HP: 49/88 MP: 17/17
 14442 | Lair:6   | Reached skill level 15 in Armour
 14712 | Lair:6   | Reached skill level 15 in Axes
 15091 | Lair:6   | Found a viscous altar of Jiyva.
 15092 | Lair:6   | Found a staircase to the Slime Pits.
 16516 | Lair:6   | Got a faintly glowing shield
 16523 | Lair:6   | Identified the cursed -4 shield of a ziggurat {*Corrode +Blink rF+ Str+5} (You found it on level 6 of the Lair of Beasts)
 17316 | D:12     | Received a gift from Trog
 17316 | D:12     | Reached XP level 15. HP: 93/93 MP: 18/18
 18334 | D:4      | Bought a wand of acid (5/15) for 234 gold pieces
 18607 | D:13     | Found a gate to the Vaults.
 19440 | D:14     | Found Wuocyesh's Jewellery Shoppe.
 19451 | D:14     | Reached ****** piety under Trog
 19460 | D:14     | Received a gift from Trog
 20217 | D:15     | Entered Level 15 of the Dungeon
 20228 | D:15     | Noticed Louise
 20258 | D:15     | Killed Louise
 20316 | D:15     | Paralysed by fainting for 5 turns
 20444 | D:15     | Received a gift from Trog
 20909 | D:15     | Reached XP level 16. HP: 101/101 MP: 19/19
 21013 | D:15     | Noticed Roxanne
 21034 | D:15     | Killed Roxanne
 21229 | D:15     | Found a staircase to the Depths.
 21525 | Orc:1    | Entered Level 1 of the Orcish Mines
 21559 | D:10     | Reached skill level 5 in Dodging
 21701 | Orc:1    | Received a gift from Trog
 22006 | Orc:2    | Entered Level 2 of the Orcish Mines
 22021 | Orc:2    | Found a roughly hewn altar of Beogh.
 22570 | Orc:2    | Received a gift from Trog
 22678 | Orc:2    | Found a bloodstained altar of Trog.
 22865 | Orc:2    | Found Ilioteem's Gadget Shop.
 22865 | Orc:2    | Found Tik Ekokak's Food Emporium.
 22865 | Orc:2    | Found Waahy's Assorted Antiques.
 22868 | Orc:2    | Found Otuephus's Assorted Antiques.
 22875 | Orc:2    | Bought a scroll of identify for 60 gold pieces
 22882 | Orc:2    | Bought a distressingly furry plate armour for 784 gold pieces
 22894 | Orc:2    | Identified the +6 plate armour of Dyspraxia {Str+3} (You bought it in a shop on level 2 of the Orcish Mines)
 22950 | Orc:2    | Found a staircase to the Elven Halls.
 23320 | Swamp:1  | Entered Level 1 of the Swamp
 23720 | Swamp:1  | Noticed Donald
 23733 | Swamp:1  | Killed Donald
 24530 | Swamp:3  | Received a gift from Trog
 24572 | Swamp:3  | Noticed Aizul
 24587 | Swamp:3  | Killed Aizul
 25184 | Swamp:4  | Entered Level 4 of the Swamp
 25258 | Swamp:4  | Reached XP level 17. HP: 77/109 MP: 6/20
 26794 | Swamp:4  | Noticed the 27-headed Lernaean hydra
 27295 | Swamp:3  | Killed the 19-headed Lernaean hydra
 27733 | Swamp:4  | Received a gift from Trog
 27915 | Swamp:4  | Got a decaying rune of Zot
 28137 | Spider:1 | Entered Level 1 of the Spider Nest
 28402 | Spider:1 | Received a gift from Trog
 29379 | Spider:2 | Noticed Jorgrun
 29405 | Spider:2 | Killed Jorgrun
 29987 | Spider:2 | Received a gift from Trog
 29987 | Spider:2 | Reached XP level 18. HP: 108/117 MP: 7/21
 30947 | Spider:4 | Entered Level 4 of the Spider Nest
 31041 | Spider:4 | Received a gift from Trog
 31422 | Spider:4 | Reached skill level 15 in Fighting
 31987 | Spider:3 | Received a gift from Trog
 32862 | Spider:4 | Got a gossamer rune of Zot
 33233 | Vaults:1 | Entered Level 1 of the Vaults
 33369 | Vaults:1 | Found a ruined gateway.
 33383 | Desolati | Entered the Desolation of Salt
 33392 | Desolati | Received a gift from Trog
 33477 | Desolati | Reached XP level 19. HP: 124/124 MP: 7/22
 33500 | Desolati | Received a gift from Trog
 33507 | Desolati | Reached skill level 10 in Dodging
 33989 | Desolati | Received a gift from Trog
 34003 | Desolati | Received a gift from Trog
 34331 | Desolati | Got a crude granite ring
 34334 | Desolati | Identified the ring of Rouf {Ice *Slow Int+6 Dex+4} (You found it in the Desolation of Salt)
 34344 | Desolati | Got a coiled copper ring
 34346 | Desolati | Identified the ring "Vylong" {*Tele Str+3 Dex+4 Slay-4} (You found it in the Desolation of Salt)
 34550 | Desolati | Got a jewelled broad axe
 34554 | Desolati | Got a vibrating copper ring
 34585 | Desolati | Identified the ring "Foaffops" {+Blink rPois rF+ Stlth+} (You found it in the Desolation of Salt)
 34592 | Desolati | Identified the +2 broad axe of the Original Sin {flame, rElec SInv} (You found it in the Desolation of Salt)
 34797 | Vaults:1 | Received a gift from Trog
 35194 | Vaults:1 | Reached XP level 20. HP: 132/132 MP: 7/23
 36008 | Vaults:2 | Received a gift from Trog
 36324 | Vaults:2 | Noticed Boris
 36369 | Vaults:2 | Found Tisogoak's Book Boutique.
 36878 | Vaults:2 | Noticed Mara
 36898 | Vaults:2 | Killed Mara
 36922 | Vaults:2 | Killed Boris
 37369 | Vaults:2 | Noticed Frederick
 37378 | Vaults:2 | Received a gift from Trog
 37382 | Vaults:2 | Killed Frederick
 37914 | Vaults:2 | Found a staircase to the Crypt.
 38496 | Vaults:2 | Reached XP level 21. HP: 141/141 MP: 8/24
 38827 | Vaults:3 | Received a gift from Trog
 39367 | Vaults:3 | Identified 3 scrolls of acquirement
 39436 | Vaults:3 | Got a heavily runed garnet amulet
 39438 | Vaults:3 | Identified the amulet "Jumap" {rF+ rC+ Regen+ Str+4} (You acquired it on level 3 of the Vaults)
 39443 | Vaults:3 | Got a pair of bloodstained boots
 39454 | Vaults:3 | Identified the +0 pair of boots of the Bull {rElec Int+5} (You acquired it on level 3 of the Vaults)
 39500 | Vaults:3 | Identified a +0 pair of boots of running (You acquired it on level 3 of the Vaults)
 39951 | Vaults:3 | Received a gift from Trog
 41157 | Vaults:4 | Found Qearaogh's Magic Scroll Shop.
 41168 | Vaults:4 | Bought a scroll of identify for 22 gold pieces
 41168 | Vaults:4 | Bought a scroll of teleportation for 33 gold pieces
 41168 | Vaults:4 | Bought a scroll of recharging for 104 gold pieces
 41168 | Vaults:4 | Bought a scroll of fog for 22 gold pieces
 41168 | Vaults:4 | Bought a scroll of silence for 82 gold pieces
 41168 | Vaults:4 | Bought a scroll of silence for 82 gold pieces
 41168 | Vaults:4 | Bought a scroll of teleportation for 33 gold pieces
 41168 | Vaults:4 | Bought a scroll of identify for 22 gold pieces
 41325 | Vaults:4 | Received a gift from Trog
 41877 | Vaults:5 | Entered Level 5 of the Vaults
 41908 | Vaults:4 | Reached XP level 22. HP: 145/149 MP: 8/25
 42044 | Vaults:5 | Paralysed by a sphinx for 4 turns
 42051 | Vaults:5 | Cast into level 2 of the Abyss (a deep elf demonologist)
 42051 | Abyss:2  | Found a corrupted altar of Lugonu.
 42075 | Vaults:5 | Escaped the Abyss
 42198 | Vaults:4 | Received a gift from Trog
 42216 | Vaults:4 | Got a transparent battleaxe {god gift}
 42218 | Vaults:4 | Identified the +10 battleaxe of Hard Scrabble {freeze, Dex+4} (Trog gifted it to you on level 4 of the Vaults)
 42422 | Depths:1 | Entered Level 1 of the Depths
 42440 | Depths:1 | Noticed Monsterracer's ghost (journeyman GrFi)
 42449 | Depths:1 | Killed Monsterracer's ghost
 42707 | Depths:1 | Found Pahoal's Jewellery Emporium.
 42707 | Depths:1 | Found Ylinaepuu's Gadget Shop.
 42708 | Depths:1 | Found Gajoskoh's Jewellery Emporium.
 42758 | Depths:1 | Got a scorched amber ring
 42760 | Depths:1 | Identified the ring "Jottue" {Fire Str+8 Int-5 Dex+5} (You found it on level 1 of the Depths)
 43021 | Depths:1 | Found a gateway to Hell.
 43294 | Depths:1 | Found Panwet's Changing Room.
 43314 | Depths:1 | Received a gift from Trog
 43721 | Depths:1 | Found a one-way gate to the infinite horrors of the Abyss.
 43886 | Depths:2 | Paralysed by a sphinx for 3 turns
 43901 | Depths:2 | Reached XP level 23. HP: 85/158 MP: 26/26
 44267 | Depths:2 | Received a gift from Trog
 44761 | Depths:2 | Received a gift from Trog
 45264 | Depths:2 | Gained mutation: You are dopey. (Int -2) [a shining eye]
 45425 | Depths:3 | Cast into level 2 of the Abyss (a wizard)
 45745 | Depths:3 | Escaped the Abyss
 46106 | Depths:3 | Paralysed by a vampire knight for 6 turns
 46231 | Depths:3 | Found Ohagrat's Weapon Boutique.
 46272 | Depths:3 | Received a gift from Trog
 46690 | Depths:3 | Found a one-way gate leading to the halls of Pandemonium.
 47113 | Depths:4 | Found a runed door.
 47113 | Depths:4 | Found a runed door.
 47114 | Depths:4 | Found a runed door.
 47117 | Depths:4 | Noticed a golden dragon
 47129 | Depths:4 | Reached XP level 24. HP: 167/168 MP: 26/26
 47159 | Depths:4 | Noticed a juggernaut
 47162 | Depths:4 | Noticed a caustic shrike
 47167 | Depths:4 | Killed a caustic shrike
 47179 | Depths:4 | Killed a juggernaut
 47390 | Depths:4 | Identified the +10 mace of Equilibrium {flame, +Rage rF+ Str-2 Stlth+} (You took it off a tengu reaver on level 4 of the Depths)
 47667 | Depths:4 | Received a gift from Trog
 47966 | Depths:4 | Found Puatular's Antique Weapon Boutique.
 48306 | Depths:5 | Entered Level 5 of the Depths
 48306 | Depths:5 | Noticed Sojobo
 48342 | Depths:5 | Killed Sojobo
 48342 | Depths:5 | Reached skill level 15 in Dodging
 48486 | Depths:5 | Found a magical portal.
 48495 | WizLab   | Entered Zonguldrok's Shrine
 48652 | WizLab   | Reached XP level 25. HP: 164/176 MP: 26/26
 48717 | WizLab   | Noticed an antique lich
 48725 | WizLab   | Killed an antique lich
 48743 | WizLab   | Identified the Catalogue of Toxins and the Arsonist
 48859 | WizLab   | Received a gift from Trog
 49272 | Depths:5 | Found a gate to the Realm of Zot.
 49451 | Depths:5 | Found a gateway to a ziggurat.
 49528 | Depths:5 | Received a gift from Trog
 50049 | Vaults:5 | Noticed an ancient lich
 50062 | Vaults:5 | Cast into level 5 of the Abyss (an ancient lich)
 50062 | Abyss:5  | Entered Level 5 of the Abyss
 50184 | Abyss:5  | Lost mutation: You are dopey. (Int -2) [you]
 50257 | Abyss:5  | Paralysed by accursed screaming for 1 turns
 50262 | Abyss:5  | Paralysed by accursed screaming for 2 turns
 50265 | Vaults:5 | Escaped the Abyss
 50272 | Vaults:5 | Received a gift from Trog
 50467 | Vaults:5 | Killed an ancient lich
 50472 | Vaults:5 | Reached XP level 26. HP: 184/184 MP: 26/26
 50479 | Vaults:5 | Noticed an ancient lich
 50499 | Vaults:4 | Killed an ancient lich
 50710 | Vaults:5 | Noticed an ancient lich
 50718 | Vaults:5 | Killed an ancient lich
 50718 | Vaults:5 | Received a gift from Trog
 50722 | Vaults:5 | Got a smoking battleaxe {god gift}
 50723 | Vaults:5 | Identified the +8 battleaxe of the Present {chaos, rF+++ Int+3} (Trog gifted it to you on level 5 of the Vaults)
 50809 | Vaults:5 | Identified the cursed +1 lajatang of Meman {flame, rC+} (You found it on level 5 of the Vaults)
 51268 | Vaults:5 | Got a silver rune of Zot
 51461 | Vaults:5 | Found Amneo's Antique Armour Shoppe.
 51816 | Crypt:1  | Entered Level 1 of the Crypt
 52184 | Crypt:1  | Received a gift from Trog
 53058 | Crypt:3  | Entered Level 3 of the Crypt
 53221 | Crypt:3  | Found a staircase to the Tomb.
 53394 | Crypt:3  | Reached XP level 27. HP: 193/193 MP: 26/26
 53602 | Crypt:3  | Received a gift from Trog
 53616 | Crypt:3  | Paralysed by a vampire knight for 6 turns
 53634 | Crypt:3  | Paralysed by something for 7 turns
 53783 | Crypt:3  | Found a basalt altar of Yredelemnul.
 53836 | Crypt:3  | Received a gift from Trog
 53843 | Crypt:3  | Identified the +4 great sword of Expedience {freeze, Dex+5 SInv} (Trog gifted it to you on level 3 of the Crypt)
 53847 | Crypt:3  | Got a slimy wooden ring
 53855 | Crypt:3  | Identified Efed's Volume of Lightness
 54199 | Crypt:3  | Paralysed by something for 2 turns
 54741 | Depths:3 | Identified the ring "Bogius" {Fire Dex+8} (You took it off a vampire knight on level 3 of the Crypt)
 54828 | Zot:1    | Entered Level 1 of the Realm of Zot
 55124 | Zot:1    | Received a gift from Trog
 55131 | Zot:1    | Identified the +11 broad axe of Earthquakes {elec, Str+3 Int+5 Dex+6} (You found it on level 1 of the Realm of Zot)
 55663 | Crypt:3  | Got a spiked buckler
 55670 | Crypt:3  | Identified the cursed -3 buckler "Jaaggeko" {Dex+7} (You took it off a skeletal warrior on level 3 of the Crypt)
 56660 | Zot:2    | Reached skill level 10 in Evocations
 56937 | Zot:2    | Received a gift from Trog
 57869 | Zot:3    | Noticed Beholder179's ghost (master DgAr)
 57921 | Zot:3    | Killed Beholder179's ghost
 58486 | Zot:4    | Received a gift from Trog
 59435 | Zot:5    | Entered Level 5 of the Realm of Zot
 59833 | Zot:5    | Noticed an ancient lich
 59841 | Zot:5    | Killed an ancient lich
 59904 | Zot:5    | Noticed an ancient lich
 59906 | Zot:5    | Noticed an orb of fire
 59914 | Zot:5    | Gained mutation: Your magical capacity is low. (-10% MP) [an orb of fire]
 59944 | Zot:5    | Gained mutation: Your spells are a little easier to cast, but a little less powerful. [an orb of fire]
 60056 | Zot:5    | Killed an ancient lich
 60058 | Zot:5    | Gained mutation: You are partially covered in icy blue scales. (AC +2) [an orb of fire]
 60065 | Zot:5    | Gained mutation: Scrolls take you a little longer to read. [an orb of fire]
 60068 | Zot:5    | Killed an orb of fire
 60170 | Zot:5    | Noticed an orb of fire
 60174 | Zot:5    | Gained mutation: You tend to lose your temper in combat. [an orb of fire]
 60180 | Zot:5    | Noticed an ancient lich
 60180 | Zot:5    | Gained mutation: Potions are less effective at restoring your health. [an orb of fire]
 60181 | Zot:5    | Killed an orb of fire
 60181 | Zot:5    | Reached skill level 27 in Armour
 60208 | Zot:5    | Killed an ancient lich
 60374 | Zot:5    | Reached skill level 27 in Fighting
 60468 | Zot:5    | Received a gift from Trog
 60473 | Zot:5    | Identified the +6 battleaxe "Boxuraung" {flame, Fragile +Fly rF+ rC++ Int+4} (Trog gifted it to you on level 5 of the Realm of Zot)
 60488 | Zot:5    | Noticed an ancient lich
 60511 | Zot:5    | Killed an ancient lich
 60565 | Zot:5    | Noticed an orb of fire
 60565 | Zot:5    | Noticed an orb of fire
 60583 | Zot:5    | Gained mutation: You often lose your temper in combat. [an orb of fire]
 60591 | Zot:5    | Killed an orb of fire
 60591 | Zot:5    | Gained mutation: You are occasionally teleported next to monsters. [an orb of fire]
 60595 | Zot:5    | Killed an orb of fire
 60641 | Zot:5    | Noticed an orb of fire
 60646 | Zot:5    | Gained mutation: You occasionally shout uncontrollably at your foes. [an orb of fire]
 60647 | Zot:5    | Lost mutation: Your spells are a little easier to cast, but a little less powerful. [an orb of fire]
 60648 | Zot:5    | Gained mutation: Your spells are a little easier to cast, but a little less powerful. [an orb of fire]
 60660 | Zot:5    | Killed an orb of fire
 60664 | Zot:5    | Noticed an orb of fire
 60664 | Zot:5    | Lost mutation: You occasionally shout uncontrollably at your foes. [an orb of fire]
 60676 | Zot:5    | Killed an orb of fire
 61367 | Slime:1  | Entered Level 1 of the Pits of Slime
 61698 | Depths:1 | Bought an uncursed ring of resist corrosion for 280 gold pieces
 62036 | Slime:1  | Gained mutation: You have an uncontrollable temper. [a shining eye]
 62200 | Slime:1  | Gained mutation: You are frail. (-10% HP) [a shining eye]
 62263 | Slime:1  | Gained mutation: You are very frail. (-20% HP) [a shining eye]
 62264 | Slime:1  | Gained mutation: You are weak. (Str -2) [a shining eye]
 62634 | Slime:2  | Gained mutation: Your spells are easier to cast, but less powerful. [a shining eye]
 62638 | Slime:2  | Gained mutation: You are dopey. (Int -2) [a shining eye]
 62640 | Slime:2  | Lost mutation: Your magical capacity is low. (-10% MP) [a shining eye]
 62783 | Slime:2  | Received a gift from Trog
 63398 | Slime:4  | Gained mutation: You are very dopey. (Int -4) [a shining eye]
 63402 | Slime:4  | Gained mutation: Your magical capacity is low. (-10% MP) [a shining eye]
 63425 | Slime:4  | Gained mutation: Scrolls take you longer to read. [a shining eye]
 63474 | Slime:4  | Gained mutation: Your magical capacity is very low. (-20% MP) [a shining eye]
 63480 | Slime:4  | Gained mutation: Your body sometimes deteriorates upon taking damage. [a shining eye]
 63482 | Slime:4  | Gained mutation: Your magical capacity is extremely low. (-30% MP) [a shining eye]
 63485 | Slime:4  | Gained mutation: Armour fits poorly on your strangely shaped body. [a shining eye]
 63486 | Slime:4  | Gained mutation: Scrolls take you much longer to read. [a shining eye]
 63496 | Slime:4  | Gained mutation: Your spells are much easier to cast, but much less powerful. [a shining eye]
 63510 | Slime:3  | Gained mutation: You are clumsy. (Dex -2) [a shining eye]
 63512 | Slime:4  | Gained mutation: You are extremely frail. (-30% HP) [a shining eye]
 63519 | Slime:4  | Gained mutation: Potions are poor at restoring your health. [a shining eye]
 63520 | Slime:4  | Gained mutation: You occasionally shout uncontrollably at your foes. [a shining eye]
 63820 | Slime:5  | Entered Level 5 of the Pits of Slime
 63837 | Slime:5  | Gained mutation: Your body often deteriorates upon taking damage. [a shining eye]
 64504 | Slime:5  | Received a gift from Trog
 64674 | Slime:5  | Noticed the Royal Jelly
 64683 | Slime:5  | Killed the Royal Jelly
 64770 | Slime:5  | Got a coiled platinum ring
 64772 | Slime:5  | Got a slimy rune of Zot
 64778 | Slime:5  | Got a twitching marble ring
 64821 | Slime:5  | Identified the ring "Yskog" {rElec EV+2 Str+2 SInv} (You found it on level 5 of the Pits of Slime)
 64825 | Slime:5  | Identified the ring of Iceosopp {Ice *Contam MR+ Slay+5} (You found it on level 5 of the Pits of Slime)
 64831 | Slime:5  | Lost mutation: You are occasionally teleported next to monsters. [potion of mutation]
 64831 | Slime:5  | Lost mutation: You are extremely frail. (-30% HP) [potion of mutation]
 64831 | Slime:5  | Lost mutation: You are clumsy. (Dex -2) [potion of mutation]
 64831 | Slime:5  | Lost mutation: Your magical capacity is extremely low. (-30% MP) [potion of mutation]
 64831 | Slime:5  | Lost mutation: Scrolls take you much longer to read. [potion of mutation]
 64831 | Slime:5  | Gained mutation: Your flesh is cold resistant. (rC+) [potion of mutation]
 64832 | Slime:5  | Lost mutation: You are weak. (Str -2) [potion of mutation]
 64832 | Slime:5  | Lost mutation: Armour fits poorly on your strangely shaped body. [potion of mutation]
 64832 | Slime:5  | Lost mutation: You are very dopey. (Int -4) [potion of mutation]
 64832 | Slime:5  | Lost mutation: Your magical capacity is very low. (-20% MP) [potion of mutation]
 64832 | Slime:5  | Lost mutation: Your body often deteriorates upon taking damage. [potion of mutation]
 64832 | Slime:5  | Gained mutation: You are surrounded by a mild repulsion field. (EV +2) [potion of mutation]
 64833 | Slime:5  | Lost mutation: You are dopey. (Int -2) [potion of mutation]
 64833 | Slime:5  | Lost mutation: Your spells are much easier to cast, but much less powerful. [potion of mutation]
 64833 | Slime:5  | Lost mutation: You are surrounded by a mild repulsion field. (EV +2) [potion of mutation]
 64833 | Slime:5  | Gained mutation: Your muscles are strong. (Str +2) [potion of mutation]
 64834 | Slime:5  | Lost mutation: Your magical capacity is low. (-10% MP) [potion of mutation]
 64834 | Slime:5  | Lost mutation: Your spells are easier to cast, but less powerful. [potion of mutation]
 64834 | Slime:5  | Lost mutation: You have an uncontrollable temper. [potion of mutation]
 64834 | Slime:5  | Lost mutation: You often lose your temper in combat. [potion of mutation]
 64834 | Slime:5  | Lost mutation: You tend to lose your temper in combat. [potion of mutation]
 64834 | Slime:5  | Lost mutation: You are very frail. (-20% HP) [potion of mutation]
 64834 | Slime:5  | Gained mutation: You possess an exceptional clarity of mind. [potion of mutation]
 64834 | Slime:5  | Gained mutation: You evolve. [potion of mutation]
 64835 | Slime:5  | Lost mutation: You are frail. (-10% HP) [potion of mutation]
 64835 | Slime:5  | Lost mutation: You occasionally shout uncontrollably at your foes. [potion of mutation]
 64835 | Slime:5  | Lost mutation: Your body sometimes deteriorates upon taking damage. [potion of mutation]
 64835 | Slime:5  | Lost mutation: Your muscles are strong. (Str +2) [potion of mutation]
 64835 | Slime:5  | Lost mutation: Scrolls take you longer to read. [potion of mutation]
 64835 | Slime:5  | Lost mutation: Your spells are a little easier to cast, but a little less powerful. [potion of mutation]
 64835 | Slime:5  | Gained mutation: You are agile. (Dex +2) [potion of mutation]
 64836 | Slime:5  | Lost mutation: You are agile. (Dex +2) [potion of mutation]
 64836 | Slime:5  | Lost mutation: You possess an exceptional clarity of mind. [potion of mutation]
 64836 | Slime:5  | Gained mutation: You are covered in fur. (AC +1) [potion of mutation]
 64836 | Slime:5  | Gained mutation: You have an increased reservoir of magic. (+10% MP) [potion of mutation]
 65200 | Elf:1    | Entered Level 1 of the Elven Halls
 65416 | Elf:1    | Found Qidac's Weapon Emporium.
 65483 | Elf:1    | Found Rouwaton's Book Emporium.
 65756 | Elf:1    | Found Ascheidd's Magic Scroll Boutique.
 65769 | Elf:1    | Bought a scroll of holy word for 105 gold pieces
 65769 | Elf:1    | Bought a scroll of fear for 49 gold pieces
 65769 | Elf:1    | Bought a scroll of blinking for 105 gold pieces
 65769 | Elf:1    | Bought a scroll of magic mapping for 49 gold pieces
 65769 | Elf:1    | Bought a scroll of fear for 49 gold pieces
 65769 | Elf:1    | Bought a scroll of enchant weapon for 105 gold pieces
 65769 | Elf:1    | Bought a scroll of fog for 28 gold pieces
 65780 | Elf:1    | Found Ynyedu's Food Shop.
 65847 | Elf:1    | Found Raesuowk's Armour Emporium.
 65998 | Elf:1    | Identified the +7 dagger of the Extremes {antimagic, rC- Dex+5 SInv} (You found it on level 1 of the Elven Halls)
 66209 | Elf:2    | Lost mutation: Scrolls take you a little longer to read. [potion of mutation]
 66209 | Elf:2    | Lost mutation: Your flesh is cold resistant. (rC+) [potion of mutation]
 66209 | Elf:2    | Lost mutation: You have an increased reservoir of magic. (+10% MP) [potion of mutation]
 66209 | Elf:2    | Lost mutation: You are partially covered in icy blue scales. (AC +2) [potion of mutation]
 66209 | Elf:2    | Lost mutation: You are covered in fur. (AC +1) [potion of mutation]
 66209 | Elf:2    | Gained mutation: You have sharp toenails. [potion of mutation]
 66209 | Elf:2    | Gained mutation: You have an increased reservoir of magic. (+10% MP) [potion of mutation]
 66209 | Elf:2    | Gained mutation: Your flesh is heat resistant. (rF+) [potion of mutation]
 66267 | Elf:2    | Noticed Nikola
 66274 | Elf:2    | Killed Nikola
 66299 | Elf:2    | Found Ewiz's General Store.
 66315 | Elf:2    | Bought a scroll of blinking for 105 gold pieces
 66364 | Elf:2    | Noticed Azrael
 66400 | Elf:2    | Killed Azrael
 66520 | Elf:2    | Got a shimmering bone amulet
 66522 | Elf:2    | Identified the amulet "Yceinaso" {Harm *Drain +Fly rPois rF+ rC-} (You acquired it on level 2 of the Elven Halls)
 66675 | Elf:2    | Found a runed gate.
 66675 | Elf:2    | Found a runed gate.
 66676 | Elf:2    | Found a runed gate.
 66717 | Elf:2    | Received a gift from Trog
 67094 | Elf:3    | Entered Level 3 of the Elven Halls
 67244 | Elf:3    | Gained mutation: Your flesh is very heat resistant. (rF++) [evolution]
 67682 | Elf:3    | Received a gift from Trog
 67868 | Elf:3    | Identified the +6 plate armour of Sunlight {Str+3 Int+2 Dex+3} (You found it on level 3 of the Elven Halls)
 67971 | Elf:3    | Identified the Compendium of Flying Cold
 68016 | Elf:3    | Identified the ring "Oquwucam" {Fire MR+ Dex+2} (You found it on level 3 of the Elven Halls)
 68024 | Elf:3    | Identified the +0 pair of boots of the Vaults {-Tele Int+7 Stlth+} (You found it on level 3 of the Elven Halls)
 68046 | Elf:3    | Identified the +1 battleaxe "Kacseid" {protect, +Fly} (You found it on level 3 of the Elven Halls)
 68064 | Elf:3    | Received a gift from Trog
 68660 | Temple   | Entered the Ecumenical Temple
 68814 | Temple   | Fell from the grace of Trog
 68814 | Temple   | Became a worshipper of the Shining One
 69401 | Depths:1 | Voluntarily entered the Abyss.
 69504 | Abyss:1  | Gained mutation: Your spells are a little easier to cast, but a little less powerful. [a cacodemon]
 69505 | Abyss:1  | Gained mutation: You tend to lose your temper in combat. [a cacodemon]
 69509 | Abyss:1  | Gained mutation: You occasionally shout uncontrollably at your foes. [a cacodemon]
 69589 | Abyss:1  | Reached * piety under the Shining One
 69639 | Abyss:1  | Paralysed by accursed screaming for 1 turns
 69752 | Abyss:1  | Reached ** piety under the Shining One
 69759 | Abyss:1  | Reached skill level 5 in Invocations
 70015 | Abyss:1  | Reached *** piety under the Shining One
 70184 | Abyss:1  | Reached **** piety under the Shining One
 70428 | Abyss:1  | Gained mutation: You do not regenerate when monsters are visible. [a neqoxec]
 70431 | Abyss:1  | Gained mutation: You are occasionally teleported next to monsters. [a neqoxec]
 70432 | Abyss:1  | Gained mutation: Potions cannot restore your health. [a neqoxec]
 70703 | Abyss:1  | Found a corrupted altar of Lugonu.
 70762 | Abyss:1  | Reached ***** piety under the Shining One
 70816 | Abyss:1  | Reached skill level 10 in Invocations
 71266 | Abyss:2  | Gained mutation: You are dopey. (Int -2) [a neqoxec]
 71532 | Abyss:2  | Reached ****** piety under the Shining One
 71802 | Abyss:2  | Gained mutation: Scrolls take you a little longer to read. [a neqoxec]
 71805 | Abyss:2  | Lost intelligence.
 72420 | Abyss:2  | Lost mutation: You do not regenerate when monsters are visible. [evolution]
 72594 | Abyss:2  | Gained mutation: Scrolls take you longer to read. [a neqoxec]
 73211 | Abyss:3  | Reached skill level 15 in Invocations
 73251 | Abyss:3  | Got an abyssal rune of Zot
 73375 | Abyss:3  | Gained mutation: You are frail. (-10% HP) [a neqoxec]
 73376 | Abyss:3  | Gained mutation: Your spells are easier to cast, but less powerful. [a neqoxec]
 73382 | Abyss:3  | Gained mutation: You are clumsy. (Dex -2) [a neqoxec]
 73383 | Abyss:3  | Gained mutation: You expend magic power (3 MP) to strengthen your wands. [a neqoxec]
 73562 | Depths:1 | Escaped the Abyss
 73564 | Depths:1 | Lost mutation: You have sharp toenails. [potion of mutation]
 73564 | Depths:1 | Lost mutation: You tend to lose your temper in combat. [potion of mutation]
 73564 | Depths:1 | Lost mutation: You occasionally shout uncontrollably at your foes. [potion of mutation]
 73564 | Depths:1 | Lost mutation: You are frail. (-10% HP) [potion of mutation]
 73565 | Depths:1 | Lost mutation: You expend magic power (3 MP) to strengthen your wands. [potion of mutation]
 73565 | Depths:1 | Lost mutation: You are dopey. (Int -2) [potion of mutation]
 73565 | Depths:1 | Lost mutation: Your spells are easier to cast, but less powerful. [potion of mutation]
 73565 | Depths:1 | Lost mutation: You are occasionally teleported next to monsters. [potion of mutation]
 73565 | Depths:1 | Lost mutation: Potions cannot restore your health. [potion of mutation]
 73565 | Depths:1 | Gained mutation: Your body sometimes deteriorates upon taking damage. [potion of mutation]
 73565 | Depths:1 | Gained mutation: You have a considerably increased reservoir of magic. (+20% MP) [potion of mutation]
 73605 | Depths:1 | Identified a +9 executioner's axe of holy wrath (a +9 antimagic executioner's axe blessed by the Shining One)
 73605 | Depths:1 | Received a gift from the Shining One
 74900 | Zig:1    | Entered Level 1 of a ziggurat
 74918 | Zig:2    | Entered Level 2 of a ziggurat
 74929 | Zig:2    | HP: 9/199 [stone giant[the rage of Trog] (22)]
 74929 | Zig:2    | Annihilated by a stone giant

Skill      XL: |  1  2  3  4  5  6  7  8  9 10 11 12 13 14 15 16 17 18 19 20 21 22 23 24 25 26 27 |
---------------+----------------------------------------------------------------------------------+-----
Axes           | 3 4 5 6 7 9 10 11 13 14 15 16 17 18 19 20 25 | 25.5
Fighting       | 4 5 6 7 9 10 12 13 14 15 16 18 19 20 22 23 24 25 27 | 27.0
Evocations     | 2 5 12 | 12.5
Armour         | 3 7 10 12 14 16 17 18 19 20 22 23 24 25 27 | 27.0
Dodging        | 4 6 8 9 11 12 13 14 15 16 17 19 | 19.4
Invocations    | 16 | 16.5

Action                   |  1- 3 |  4- 6 |  7- 9 | 10-12 | 13-15 | 16-18 | 19-21 | 22-24 | 25-27 || total
-------------------------+-------+-------+-------+-------+-------+-------+-------+-------+-------++-------
Melee: Hand axe          |    99 |   164 |       |       |       |       |       |       |       ||   263
       War axe           |       |     5 |   227 |   628 |       |       |       |       |       ||   860
       Broad axe         |       |       |       |    76 |       |       |       |       |       ||    76
       Executioner's axe |       |       |       |     9 |   863 |  1130 |  1109 |    76 |       ||  3187
       Battleaxe         |       |       |       |       |    64 |   234 |       |   951 |  3694 ||  4943
       Scimitar          |       |       |       |       |       |    49 |       |       |       ||    49
Invok: Berserk           |       |     3 |     8 |    13 |    25 |    28 |    27 |    16 |    29 ||   149
       Burn Spellbooks   |       |       |       |     3 |     5 |     4 |     4 |     3 |     9 ||    28
       Trog's Hand       |       |       |       |       |     1 |       |       |     2 |    13 ||    16
       Brothers in Arms  |       |       |       |       |       |       |       |     3 |    13 ||    16
       Cleansing Flame   |       |       |       |       |       |       |       |       |     5 ||     5
       Divine Shield     |       |       |       |       |       |       |       |       |     3 ||     3
       Summon Divine War |       |       |       |       |       |       |       |       |     2 ||     2
       Brand Weapon With |       |       |       |       |       |       |       |       |     1 ||     1
 Abil: Fly               |       |       |       |       |     1 |       |       |       |       ||     1
Evoke: Wand              |       |       |       |    45 |    33 |    21 |       |     4 |    11 ||   114
       Fan of gales      |       |       |       |       |       |     1 |       |       |       ||     1
       Lamp of fire      |       |       |       |       |       |       |       |       |     3 ||     3
       Box of beasts     |       |       |       |       |       |       |       |       |     1 ||     1
       Sack of spiders   |       |       |       |       |       |       |       |       |     1 ||     1
  Use: Scroll            |       |       |     7 |     5 |    11 |    16 |    13 |     6 |    41 ||    99
       Potion            |       |       |       |       |     1 |     9 |    11 |    12 |    22 ||    55
 Stab: Petrified         |       |       |       |       |     6 |       |       |     6 |       ||    12
       Invisible         |       |       |       |       |       |       |       |    10 |       ||    10
       Distracted        |       |       |       |       |       |       |       |     4 |     4 ||     8
       Sleeping          |       |       |       |       |       |       |       |       |     2 ||     2
  Eat: Chunk             |     1 |     8 |     9 |    29 |    54 |    36 |    37 |    38 |    65 ||   277
       Bread ration      |       |       |     1 |     2 |     3 |       |     1 |       |       ||     7
       Royal jelly       |       |       |       |       |       |     2 |     2 |       |     9 ||    13
       Meat ration       |       |       |       |       |       |     5 |     2 |       |     6 ||    13
       Fruit             |       |       |       |       |       |     2 |       |       |     8 ||    10
Armor: Animal skin       |    36 |    68 |    32 |       |       |       |       |       |       ||   136
       Chain mail        |       |       |   110 |       |       |       |       |       |       ||   110
       Plate armour      |       |       |    26 |   885 |  1307 |  2014 |   835 |   717 |   655 ||  6439
       Gold dragon scale |       |       |       |       |       |       |       |       |  1330 ||  1330
Dodge: Dodged            |    67 |    97 |   113 |   339 |   581 |  2205 |  1529 |  1290 |  3684 ||  9905
Block: Other             |       |       |       |       |       |       |       |       |    20 ||    20
       Rpst.: Scimitar   |       |       |       |       |       |    20 |       |       |       ||    20
